 Dungeon Crawl Stone Soup version 0.22-a0-247-gbddf880 (webtiles) character file.

406 Amnesiac the Chopper (level 6, -2/55 HPs)
             Began as a Deep Dwarf Fighter on Feb 23, 2018.
             Was a Follower of Makhleb.
             Slain by a worm (4 damage)
             ... on level 3 of the Dungeon.
             The game lasted 00:04:26 (2092 turns).

Amnesiac the Chopper (Deep Dwarf Fighter)           Turns: 2092, Time: 00:04:27

Health: -2/55      AC:  6    Str: 21    XL:     6   Next: 56%
Magic:  5/5        EV:  7    Int:  9    God:    Makhleb [*.....]
Gold:   167        SH:  9    Dex: 12    Spells: 5/5 levels left

rFire    . . .     SeeInvis .   a - +0 war axe
rCold    . . .     Gourm    .   c - +0 shield
rNeg     . . .     Faith    .   b - +0 scale mail
rPois    .         Spirit   .   (no helmet)
rElec    .         Reflect  .   (no cloak)
rCorr    .         Harm     .   (no gloves)
MR       .....                  (no boots)
Stlth    ..........             (no amulet)
HPRegen  0.00/turn              (no ring)
MPRegen  0.09/turn              (no ring)

@: non-regenerating
A: damage resistance, heal wounds, sense surroundings 1, no regeneration
a: Heal Wounds, Renounce Religion


You were on level 3 of the Dungeon.
You worshipped Makhleb.
Makhleb was aware of your devotion.
You were not hungry.

You visited 2 branches of the dungeon, and saw 5 of its levels.

You collected 167 gold pieces.

Inventory:

Hand Weapons
 a - a +0 war axe (weapon)
Missiles
 e - 106 stones (quivered)
 r - 8 poisoned needles
Armour
 b - a +0 scale mail (worn)
 c - a +0 shield (worn)
Jewellery
 j - a +6 ring of strength {unknown}
Wands
 k - a wand of clouds (6)
Scrolls
 g - a scroll of enchant weapon {!r, unknown}
 i - 3 scrolls of identify {!r, unknown}
 l - a scroll of blinking {!r, unknown}
 n - a scroll of enchant armour {!r, unknown}
 o - 2 scrolls of fear {!r, unknown}
 p - a scroll of teleportation {!r, unknown}
Potions
 d - a potion of might {!q}
 h - a potion of flight {!q, unknown}
 m - a potion of curing {!q}
 q - a potion of cancellation {!q, unknown}
 t - a potion of agility {!q, unknown}
Comestibles
 f - 4 rations


   Skills:
 - Level 2.6 Fighting
 + Level 7.8 Axes
 - Level 3.2 Armour
 - Level 3.2 Shields


You had 5 spell levels left.
You didn't know any spells.

Dungeon Overview and Level Annotations

Branches:
Dungeon (4/15)             Temple (1/1) D:4

Altars:
Cheibriados
Elyvilon
Hepliaklqana
Kikubaaqudgha
Makhleb
Okawaru
Ru
Trog
Vehumet
Yredelemnul
Zin


Innate Abilities, Weirdness & Mutations

You are resistant to damage.
You can heal yourself by infusing magical energy.
You passively map a small area around you.
You do not regenerate.


Message History

You now have 155 gold pieces (gained 8).
There is a fountain of clear blue water here.
Key pressed, stopping explore.
You now have 158 gold pieces (gained 3).
You see here a bat skeleton.
You see here a mace.
You see here a morningstar.
Key pressed, stopping explore.
You see here a robe.
Done exploring.
Done exploring.
Done exploring.
There is a stone staircase leading down here.
You climb downwards.
There is a stone staircase leading up here.
Found a stone staircase leading up.
There is a stone staircase leading up here.
You now have 167 gold pieces (gained 9).
f - 4 rations (gained 1)
You found a teleport trap!
All of the chunks of flesh in your inventory have rotted away.
Found 17 stones.
Found a club.
You see here 17 stones.
A worm comes into view.
Found a blue potion, a scroll labeled ENOROX DURY and 28 bolts.
A worm is nearby!
A worm is nearby!
You are too injured to fight recklessly!
You are too injured to fight recklessly!
An adder comes into view.
The adder hisses angrily.
Found a fizzy orange potion and a dagger.
Found a bloodstained altar of Trog.
You slash the worm!
The worm is heavily wounded.
The worm barely misses you.
You hit the worm.
The worm is severely wounded.
You block the adder's attack.
You completely miss the worm.
The worm is severely wounded.
Your shield and scale mail prevent you from hitting the adder.
The adder bites you. The worm bites you!
* * * LOW HITPOINT WARNING * * *
You slash the adder!
You kill the adder!
Makhleb accepts your kill.
You hit the worm. The worm bites you but does no damage.
Unknown command.
You completely miss the worm.
The worm is severely wounded.
The worm bites you but does no damage.
Unknown command.
You hit the worm.
The worm is almost dead.
You barely miss the worm.
The worm is almost dead.
The worm bites you.
* * * LOW HITPOINT WARNING * * *
You hit the worm.
The worm is almost dead.
The worm bites you.
You die...

#.###.#.##...####
#)..#...#####
#####.#.....#
##.###.##...##
#.#..(.###.## *
##.##### #.# #.#
#.# #####.####
*#+#* #.....@.!#
,, * #.#...†w.# ,
*,#.#.##.# , ,
......,.!. ,
.......S ... , ,
, ##.(...? ,.....
#.#.._.# ,.... ,
...... , #... * ,
*, ,* *


You could see a worm.

Vanquished Creatures
  The ghost of Soeti the Insei, an amateur OpTm (D:4)
  An orc priest (D:2)
  A centaur skeleton (D:4)
  2 worker ants (D:4)
  3 gnolls (D:2)
  2 adders
  An ooze (D:1)
  2 worms
  2 dart slugs
  3 leopard geckos
  7 orcs
  6 bats
  5 goblins (D:1)
  7 hobgoblins
  3 jackals (D:1)
  12 kobolds
  4 frilled lizards
  7 rats
69 creatures vanquished.

Notes
Turn   | Place    | Note
-------+----------+-------------------------------------------
     0 | D:1      | Amnesiac the Deep Dwarf Fighter began the quest for the Orb.
     0 | D:1      | Reached XP level 1. HP: 20/20 MP: 1/1
    66 | D:1      | Reached skill level 3 in Axes
    69 | D:1      | Reached XP level 2. HP: 25/27 MP: 2/2
   310 | D:3      | Reached XP level 3. HP: 26/33 MP: 3/3
   361 | D:3      | Reached skill level 4 in Axes
   396 | D:4      | Noticed Soeti's ghost (amateur OpTm)
   442 | D:4      | Killed Soeti's ghost
   442 | D:4      | Reached skill level 6 in Axes
   442 | D:4      | Reached XP level 4. HP: 24/40 MP: 3/3
   442 | D:4      | Reached XP level 5. HP: 28/46 MP: 4/4
   513 | D:4      | Found a staircase to the Ecumenical Temple.
   524 | Temple   | Entered the Ecumenical Temple
   541 | Temple   | Became a worshipper of Makhleb the Destroyer
   579 | D:4      | Reached skill level 7 in Axes
   579 | D:4      | Reached XP level 6. HP: 19/55 MP: 5/5
   999 | D:1      | Reached * piety under Makhleb
  2083 | D:3      | Found a bloodstained altar of Trog.
  2091 | D:3      | HP: 2/55 [worm (2)]
  2092 | D:3      | Slain by a worm

Vault maps used:
D:1:      minmay_arrival_shattered_statue, minmay_pentomino_q2
D:2:      cheibrodos_pilgrimage
D:3:      bloody_trog
D:4:      lemuel_coloured_pillars_altar, tgw_sif, minmay_temple_entry_statues,
          serial_corexii_hall, corexii_hall_statues_l, corexii_hall_statues_l,
          minivault_11
Temple:   eino_wide_crystal_templ

Skill      XL: |  1  2  3  4  5 |
---------------+----------------+-----
Axes           | 3 6 7 |  7.8
Fighting       | |  2.6
Armour         | |  3.2
Shields        | |  3.2

Action                   |  1- 3 |  4- 6 || total
-------------------------+-------+-------++-------
Melee: War axe           |    78 |   157 ||   235
Throw: Stone             |     1 |       ||     1
 Abil: Heal Wounds       |     2 |       ||     2
  Use: Potion            |       |     1 ||     1
  Eat: Chunk             |       |     4 ||     4
Armor: Scale mail        |    27 |    58 ||    85
Dodge: Dodged            |    29 |    33 ||    62
Block: Shield            |    49 |    68 ||   117

Table legend:
 A = Spawn XP
 B = Non-spawn XP
 C = Spawn XP percentage of total XP
 D = Spawn monster count
 E = Non-spawn monster count
 F = Spawn count percentage of total count
 G = Total turns spent on level
                    A         B        C        D         E        F      G
               +---------+---------+-------+---------+---------+-------+---------
         Total |       0 |     581 |   0.0 |       0 |      69 |   0.0 |  2092
               +---------+---------+-------+---------+---------+-------+---------
           D:1 |       0 |      66 |   0.0 |       0 |      37 |   0.0 |   926
           D:2 |       0 |     128 |   0.0 |       0 |      18 |   0.0 |   679
           D:3 |       0 |      21 |   0.0 |       0 |       5 |   0.0 |   229
           D:4 |       0 |     363 |   0.0 |       0 |       8 |   0.0 |   221
        Temple |       0 |       3 |   0.0 |       0 |       1 |   0.0 |    37
               +---------+---------+-------+---------+---------+-------+---------
